 Dungeon Crawl Stone Soup version 0.20.1-1-g8b1a95d (webtiles) character file.

8879 Peloso the Carver (level 11, -23/84 HPs)
             Began as a Demonspawn Fighter on Oct 21, 2017.
             Was a High Priest of Okawaru.
             Annihilated by a stone giant (34 damage)
             ... on level 10 of the Dungeon.
             The game lasted 00:34:00 (11068 turns).

Peloso the Carver (Demonspawn Fighter)             Turns: 11068, Time: 00:34:01

Health: -23/84     AC: 21    Str: 19    XL:     11   Next: 15%
Magic:  10/12      EV:  9    Int:  9    God:    Okawaru [*****.]
Gold:   911        SH: 13    Dex: 14    Spells: 10/10 levels left

rFire    . . .     SeeInvis +   a - +1 falchion (pain)
rCold    . . .     Gourm    .   c - +0 shield
rNeg     . . .     Faith    .   x - +0 plate armour
rPois    .         Spirit   .   (helmet restricted)
rElec    +         Reflect  .   z - +0 cloak
rCorr    .         Harm     .   (no gloves)
MR       .....                  (no boots)
Stlth    ..........             D - amulet of magic regeneration
Regen    0.3/turn               t - ring of see invisible
MPRegen  0.2/turn               (no ring)

@: heroism
A: horns 1, thin metallic scales 3, demonic guardian 1
a: Heroism, Finesse, Renounce Religion


You were on level 10 of the Dungeon.
You worshipped Okawaru.
Okawaru was extremely pleased with you.
You were not hungry.

You visited 2 branches of the dungeon, and saw 11 of its levels.
You also visited: Ossuary.

You collected 911 gold pieces.

Inventory:

Hand Weapons
 a - a +1 falchion of pain (weapon)
 s - a +2 whip of flaming
Armour
 c - a +0 shield (worn)
 x - a +0 plate armour (worn)
 z - a +0 cloak (worn)
Jewellery
 t - a ring of see invisible (left hand)
 D - an amulet of magic regeneration (around neck)
Wands
 j - a wand of disintegration (3/24)
 k - a wand of acid (0/15)
 o - a wand of acid (0/15)
 K - a wand of iceblast (3/15)
 P - a wand of flame (24/48)
Scrolls
 e - 4 scrolls of magic mapping
 g - 3 scrolls of fear {unknown}
 m - a scroll of identify
 p - 7 scrolls of remove curse
 r - 3 scrolls of teleportation
 v - a scroll of noise {unknown}
 y - 2 scrolls of fog {unknown}
 I - 2 scrolls of immolation {unknown}
 J - 5 scrolls of enchant armour {unknown}
 M - a scroll of amnesia {unknown}
 O - a scroll of holy word {unknown}
Potions
 b - 3 potions of haste
 d - 3 potions of might
 h - 2 potions of mutation
 n - 2 potions of heal wounds
 q - a potion of resistance
 u - a potion of berserk rage {unknown}
 B - 3 potions of ambrosia {unknown}
 C - 2 potions of flight {unknown}
 E - a potion of agility {unknown}
 F - 6 potions of curing {unknown}
 G - a potion of brilliance {unknown}
 H - a potion of invisibility {unknown}
Books
 w - a book of Cantrips

   Spells                             Type                      Level
   a - Confusing Touch                Hexes                        1
   b - Animate Skeleton               Necromancy                   1
   c - Summon Small Mammal            Summoning                    1
   d - Apportation                    Translocation                1
 L - a book of Callings

   Spells                             Type                      Level
   a - Summon Small Mammal            Summoning                    1
   b - Call Imp                       Summoning                    2
   c - Call Canine Familiar           Summoning                    3
   d - Summon Guardian Golem          Hexes/Summoning              3
   e - Summon Lightning Spire         Summoning/Air                4
   f - Summon Ice Beast               Ice/Summoning                4
Miscellaneous
 l - a lamp of fire
Comestibles
 f - 13 bread rations
 i - 2 fruits
 A - 2 meat rations
 N - 5 chunks of flesh


   Skills:
 + Level 7.6(12.6) Fighting
 + Level 9.8(14.8) Long Blades
 + Level 7.8(12.8) Armour
 + Level 2.4(7.4) Dodging
 + Level 2.0(7.0) Stealth
 + Level 7.9(12.9) Shields
 + Level 0.3 Invocations
 + Level 1.9 Evocations


You had 10 spell levels left.
You didn't know any spells.

Dungeon Overview and Level Annotations

Branches:
Dungeon (10/15)            Temple (1/1) D:7            Lair (0/6) D:10
    Orc: D:9-12

Altars:
Ashenzari
Cheibriados
Elyvilon
Fedhas
Kikubaaqudgha
Makhleb
Okawaru
Xom
Zin
The Shining One

Shops:
D:6 :   D:8 [


Innate Abilities, Weirdness & Mutations

You have a pair of small horns on your head.
You are completely covered in thin metallic scales. (AC +4, rElec)
A weak demonic guardian rushes to your aid.


Message History

Evoke which item? (* to show all) (? for menu, Esc to quit)
Aiming: Iceblast
Press: ? - help, Shift-Dir - straight line, f/p - stone giant
Aim: a stone giant (moderately wounded)
The mass of ice explodes!
The iceblast engulfs the stone giant.
The stone giant is moderately wounded.
This wand has 3 charges left.
You hear a shout!
You hear an angry growl.
You hear a shout! x2
You gain the combat prowess of a mighty hero.
You hit the stone giant but do no damage.
The stone giant is moderately wounded.
You hit the stone giant but do no damage.
You headbutt the stone giant, but do no damage.
The stone giant is moderately wounded.
The stone giant hits you!!
* * * LOW HITPOINT WARNING * * *
You hit the stone giant.
The stone giant is moderately wounded.
The stone giant hits you!!
You die...

##### .... .... #..#
#..# #..#
#######..#######
........@C......
...........(....
#######..........
#..........
#.......>..
######.[..........
..................
..................
...#####.........#....


You could see a stone giant.

Vanquished Creatures
  A two-headed ogre (D:9)
  Pikel (D:4)
  Maurice (D:8)
  Psyche (D:9)
  A hornet (D:10)
  2 trolls (D:10)
  A spriggan (D:8)
  A wraith (D:10)
  2 yaks
  Menkaure (D:5)
  Edmund (D:6)
  5 porcupines (D:10)
  An orc warrior (D:10)
  4 ice beasts
  4 phantoms
  6 ogres
  A black bear (D:8)
  4 wolves (D:9)
  3 centaurs
  A crocodile (D:10)
  8 bullfrogs
  A scorpion (D:7)
  A killer bee (D:8)
  3 howler monkeys
  4 wights (D:10)
  6 crimson imps
  A centaur zombie (D:6)
  A jelly (D:10)
  2 quasits
  Crazy Yiuf (D:4)
  A bullfrog skeleton (D:4)
  4 orc priests
  A centaur skeleton (D:8)
  3 hounds
  4 orc wizards
  3 worker ants
  A hound skeleton (D:5)
  8 mummies (Ossuary)
  2 gnolls
  6 adders
  A shadow imp (D:10)
  An ooze (D:3)
  2 adder skeletons
  An adder zombie (D:8)
  2 worms (D:5)
  6 dart slugs
  5 leopard geckos
  26 orcs
  3 giant cockroaches
  A gnoll zombie (Ossuary)
  3 goblins
  6 hobgoblins (D:1)
  3 jackals
  2 quokkas (D:2)
  7 bats
  3 frilled lizards
  A hobgoblin zombie (Ossuary)
  6 kobolds
  4 kobold zombies (Ossuary)
  2 orc zombies (Ossuary)
  6 rats
194 creatures vanquished.

Vanquished Creatures (collateral kills)
  A two-headed ogre (D:8)
  2 hippogriffs
  Grum (D:9)
  A black bear (D:10)
  3 necrophages
  A crocodile (D:8)
  A centaur (D:7)
  A big kobold (D:7)
  A bullfrog (D:8)
  A wight (D:10)
  An orc priest (D:4)
  A jelly (D:8)
  3 orc wizards
  2 iguanas
  2 worker ants
  A gnoll (D:3)
  An adder (D:10)
  An adder skeleton (D:8)
  3 orcs
  A jackal (D:8)
  4 kobolds (D:7)
33 creatures vanquished.

Vanquished Creatures (others)
  26 fungi (D:10)
  3 plants (D:10)
29 creatures vanquished.

Grand Total: 256 creatures vanquished

Notes
Turn   | Place    | Note
-------+----------+-------------------------------------------
     0 | D:1      | Peloso the Demonspawn Fighter began the quest for the Orb.
     0 | D:1      | Reached XP level 1. HP: 18/18 MP: 1/1
   215 | D:1      | Gained mutation: A weak demonic guardian rushes to your aid. [demonic ancestry]
   215 | D:1      | Reached XP level 2. HP: 20/24 MP: 2/2
   473 | D:1      | Reached skill level 2 in Long Blades
   779 | D:2      | Gained mutation: You are partially covered in thin metallic scales. (AC +2) [demonic ancestry]
   779 | D:2      | Reached XP level 3. HP: 26/29 MP: 3/3
   811 | D:2      | Found a burning altar of Makhleb.
   848 | D:2      | Found a blossoming altar of Fedhas.
   886 | D:2      | Gained mutation: You are mostly covered in thin metallic scales. (AC +3) [demonic ancestry]
   886 | D:2      | Reached XP level 4. HP: 23/35 MP: 4/4
  1023 | D:2      | Reached skill level 1 in Dodging
  1619 | D:2      | Reached skill level 3 in Long Blades
  1794 | D:3      | Reached XP level 5. HP: 41/41 MP: 5/5
  2161 | D:4      | Found a runed door.
  2592 | D:4      | Reached XP level 6. HP: 45/47 MP: 6/6
  2729 | D:4      | Reached skill level 4 in Long Blades
  2745 | D:4      | Noticed a slave
  2746 | D:4      | Noticed a slave
  2746 | D:4      | Noticed a slave
  2757 | D:4      | Noticed a slave
  2758 | D:4      | Noticed Pikel
  2796 | D:4      | Killed Pikel
  2796 | D:4      | Reached skill level 5 in Long Blades
  2796 | D:4      | Reached XP level 7. HP: 30/55 MP: 7/7
  2934 | D:4      | Noticed Crazy Yiuf
  2935 | D:4      | Killed Crazy Yiuf
  3010 | D:5      | Entered Level 5 of the Dungeon
  3229 | D:5      | Reached XP level 8. HP: 61/61 MP: 8/8
  3242 | D:5      | Found a shattered altar of Ashenzari.
  3290 | D:5      | Noticed Menkaure
  3299 | D:5      | Killed Menkaure
  3359 | D:5      | Reached skill level 5 in Fighting
  3359 | D:5      | Reached skill level 5 in Shields
  3359 | D:5      | Reached skill level 1 in Evocations
  3470 | D:5      | Reached skill level 6 in Long Blades
  4018 | D:6      | Found Tyergh's Book Emporium.
  4854 | D:6      | Noticed Edmund
  4888 | D:6      | Killed Edmund
  4888 | D:6      | Reached skill level 7 in Long Blades
  5147 | D:7      | Found a white marble altar of Elyvilon.
  5241 | D:7      | Found a glowing silver altar of Zin.
  5276 | D:7      | Found a sand-covered staircase.
  5285 | Ossuary  | Entered an ossuary
  5323 | Ossuary  | Gained mutation: You are completely covered in thin metallic scales. (AC +4, rElec) [demonic ancestry]
  5323 | Ossuary  | Reached XP level 9. HP: 68/68 MP: 9/9
  5747 | D:7      | Found a staircase to the Ecumenical Temple.
  5821 | Temple   | Entered the Ecumenical Temple
  5827 | Temple   | Became a worshipper of Warmaster Okawaru
  5870 | D:7      | Reached skill level 5 in Armour
  6021 | D:7      | Reached skill level 1 in Stealth
  6688 | D:8      | Found Aro Bom's Antique Armour Shop.
  6690 | D:8      | Noticed Maurice
  6930 | D:8      | Killed Maurice
  6930 | D:8      | Reached * piety under Okawaru
  7353 | D:8      | Noticed a two-headed ogre
  7364 | D:8      | Killed a two-headed ogre
  7364 | D:8      | Reached skill level 8 in Long Blades
  7651 | D:8      | Reached ** piety under Okawaru
  7651 | D:8      | Gained mutation: You have a pair of small horns on your head. [demonic ancestry]
  7651 | D:8      | Reached XP level 10. HP: 21/77 MP: 11/11
  7776 | D:8      | Found an iron altar of Okawaru.
  8551 | D:9      | Found a snail-covered altar of Cheibriados.
  8579 | D:9      | Noticed a two-headed ogre
  8588 | D:9      | Killed a two-headed ogre
  8588 | D:9      | Reached *** piety under Okawaru
  8588 | D:9      | Reached skill level 9 in Long Blades
  8632 | D:9      | Noticed Grum
  9266 | D:9      | Noticed Psyche
  9279 | D:9      | Killed Psyche
  9438 | D:9      | Killed Grum
  9783 | D:10     | Entered Level 10 of the Dungeon
  9790 | D:10     | Reached **** piety under Okawaru
 10254 | D:10     | Reached XP level 11. HP: 74/84 MP: 12/12
 10300 | D:10     | Found a staircase to the Lair.
 10482 | D:10     | HP: 1/84 [crocodile (10)]
 10881 | D:10     | Reached ***** piety under Okawaru
 11056 | D:10     | Noticed a stone giant
 11068 | D:10     | Annihilated by a stone giant

Skill      XL: |  1  2  3  4  5  6  7  8  9 10 |
---------------+-------------------------------+-----
Armour         | 3 4 6 7 |  7.8
Shields        | 3 4 5 6 7 |  7.9
Long Blades    | 2 3 5 7 8 9 |  9.8
Dodging        | 1 2 |  2.4
Fighting       | 4 5 6 7 |  7.6
Evocations     | 1 |  1.9
Stealth        | 1 2 |  2.0
Invocations    | |  0.3

Action                   |  1- 3 |  4- 6 |  7- 9 | 10-12 || total
-------------------------+-------+-------+-------+-------++-------
Melee: Long sword        |   127 |   241 |   435 |    84 ||   887
       Falchion          |       |       |       |   362 ||   362
       Headbutt          |       |       |       |   100 ||   100
Invok: Heroism           |       |       |     1 |     1 ||     2
Evoke: Wand              |       |     1 |    15 |     7 ||    23
  Use: Scroll            |       |     7 |     3 |     2 ||    12
       Potion            |       |       |     1 |     2 ||     3
 Stab: Distracted        |       |     1 |     1 |     1 ||     3
  Eat: Chunk             |       |     7 |    14 |    10 ||    31
       Fruit             |       |       |     2 |       ||     2
       Royal jelly       |       |       |       |     1 ||     1
Armor: Scale mail        |    39 |       |       |       ||    39
       Chain mail        |    46 |   191 |   201 |    56 ||   494
       Plate armour      |       |       |       |   184 ||   184
Dodge: Dodged            |    38 |    59 |    96 |    75 ||   268
Block: Shield            |    82 |   164 |   224 |   251 ||   721
       Rpst.: Long sword |    16 |    15 |    31 |     3 ||    65
       Falchion          |       |       |       |    10 ||    10
